← All builds
Tech / Armada / Economy first / OBSERVED BUILD

Nuke rush

Armada Tech (Eco) build order · Supreme Isthmus

After the standard T2 rush, commits to an early Armageddon nuclear launcher around 10:30-12:28, hitting the enemy base directly in nearly all games as a forward plan rather than defence.

Usually first T2 con to Geo (76%)

#nuke #t2 · 174 distinct matches · 61 players · 6% of Armada Tech games · team won 66% of 177 · Recently observed

THE CATCH, AND WHAT COMES WITH IT
  • ArmageddonArmageddon from 10:29 · 5% of role by thenOnly 5% of Tech games have it by then; others who build it get it around 10:39

Where those units first fight, in 31 games with kill data: in the enemy base 97%.

HOW TO PLAY IT

Key timing: Armageddon up by 10:28

  1. Open fast Bot Lab into Advanced Bot Lab as usual for Tech.
  2. Get Advanced Bot Lab done to keep pace with normal T2 rush.
  3. Upgrade mex to feed the coming nuke project.
  4. Commit to an Armageddon far earlier than the usual 12:23 norm.
  5. Stockpile the nuke silo while still feeding allies T2 cons.

Phase by phase

TYPICAL OF ITS 174 GAMES · AGAINST STANDARD TECH
  1. 1
  2. 2
  3. 3
  4. 4
PLAY THE OPENING

Follow the example game's first 11:30 step by step: what to build now, what comes next, and where it goes. At 1× it keeps pace with your own game.

  1. 1

    Up to the Bot Lab

    Economy
    • Metal Extractor3Mex
    • Wind Turbine4Wind
    Order
    1. Bot LabBot Lab after 3 mex, 4 winddone ~1:17, middle half 1:12–1:32

    By 1:00 in all: 3 mex · 4 wind

    The example game in this phase · 3 steps
    1. Mex ×3
    2. Wind ×4
    3. Bot LabBot Labdone 1:18 · typical 1:17
  2. 2

    Bot Lab to Advanced Bot Lab

    Economy
    • Metal Extractor1Mex
    • Wind Turbine8Wind
    • Energy Storage1Energy storage
    Order
    1. Advanced Bot LabAdvanced Bot Lab after 4 mex, 11 wind, 3 con turretdone ~4:15, middle half 4:02–4:31
    Builders
    • Construction Turret3 Con turret
    • Lazarus3 Lazarus
    • Construction Bot2 Con bot
    • Construction Bot1 Con bot for allies

    Some games also: converter (35%)

    By 3:17 in all: 4 mex · 11 wind · 1 energy storage · 3 con turret

    The example game in this phase · 23 steps
    1. Construction BotCon bot
    2. Wind ×4
    3. Construction BotCon botfor Air
    4. Wind ×3
    5. Mex
    6. LazarusLazarus
    7. Wind
    8. Con turret
    9. Wind
    10. LazarusLazarus
    11. Wind
    12. Construction BotCon bot
    13. Wind
    14. Energy storage
    15. Construction BotCon bot
    16. Wind
    17. Energy storage
    18. Con turret
    19. Wind
    20. Con turret
    21. Converter
    22. Wind
    23. Advanced Bot LabAdvanced Bot Labdone 5:40 · typical 4:15
  3. 3

    Advanced Bot Lab to 5:00

    Economy
    • Wind Turbine3Wind
    Order
    1. Bot LabEat Bot Lab
    Builders
    • Advanced Construction Bot1 T2 con bot for allies

    Some games also: converter (36%)

    By 5:00 in all: 4 mex · 16 wind · 1 converter · 1 energy storage · 3 con turret

    The example game in this phase · 8 steps
    1. Converter
    2. Wind
    3. Converter ×2
    4. Wind
    5. Bot LabEat Bot Labreclaimed for its metal
    6. Converter
    7. Wind
    8. Converter
  4. 4

    5:00 to Nuke silo

    Economy
    • Wind Turbine63Wind
    • Energy Converter10Converter
    Order
    1. ArmageddonNuke silo after 80 wind, 12 converter, 5 con turretdone ~12:27, middle half 11:58–13:30
    Builders
    • Construction Turret2 Con turret
    • Butler8 Butler
    • Advanced Construction Bot4 T2 con bot for allies
    • Advanced Construction Bot1 T2 con bot

    Some games also: metal storage (38%) · Ghost (33%) · Butler for allies (31%)

    By 10:29 in all: 4 mex · 80 wind · 12 converter · 1 energy storage · 5 con turret (standard 3)

    The example game in this phase · 33 steps
    1. Converter ×3
    2. Wind ×2
    3. Advanced Construction BotT2 con botfor Air
    4. Advanced Metal ExtractorT2 mexdone 6:25 · typical 5:35
    5. Wind
    6. Advanced Metal ExtractorT2 mex ×2
    7. Wind ×3
    8. Advanced Construction BotT2 con botfor Geo sea
    9. Con turret
    10. ButlerButler
    11. Wind
    12. ButlerButler
    13. Wind ×2
    14. GhostGhost
    15. Wind
    16. Advanced Metal ExtractorT2 mex
    17. Wind ×11
    18. Advanced Construction BotT2 con botfor Pond
    19. Wind ×3
    20. Hardened Energy Storage
    21. Wind ×3
    22. Advanced Construction BotT2 con bot
    23. Wind ×3
    24. Advanced Construction BotT2 con botfor Beach sea
    25. Wind ×3
    26. SharpshooterSniper botfor Geodone 10:16
    27. Wind ×12
    28. SharpshooterSniper botfor Geo
    29. Wind ×22
    30. ArmageddonArmageddondone 13:16 · typical 12:27
    31. Con turret ×8
    32. Advanced Bot LabEat Advanced Bot Labreclaimed for its metal
    33. Fusion ReactorFusiondone 14:32

Counts are medians over the build's games: half of them build more, half fewer. The example game is SUNTZ's (32 OS, 22/08/2026); pick another.

Team trades

IN AT LEAST 30% OF ITS GAMES

You hand over

  • Construction Bot1 Con bot to Airfirst at 2:20 · in 80% of games
  • Advanced Construction Bot5 T2 con bot to Geo sea or Air or Beach seafirst at 4:49 · in 95% of games
  • Butler2 Butler to Geo sea or Beach sea or Pondfirst at 8:45 · in 31% of games

You get

  • Hercules1 Light transport from Airfirst at 3:54 · in 81% of games

How it plays out

Typical game of this build against the role’s standard build, running totals by minute

  • This build
  • Standard tech

Metal produced

020k40k
0:005:0010:0015:00

metal

Enemy metal destroyed

050100150
0:005:0010:0015:00

metal

Own metal lost

050100150
0:005:0010:0015:00

metal

177 games.

Show as table
ByMetal produced: This buildMetal produced: Standard techEnemy metal destroyed: This buildEnemy metal destroyed: Standard techOwn metal lost: This buildOwn metal lost: Standard tech
1:003823830000
2:009169150000
3:00165116520000
4:00320131440000
5:00486848480000
6:00588457990000
7:00744072270000
8:00930790650000
9:0011580111800000
10:0014051135200000
11:0018084162420000
12:0021154196520000
13:00240822343000210
14:002730327286008074
15:00307463150343108130130
WHAT THE NUMBERS SAY

Wins far more often than standard despite almost no early kills, showing the nuke threat itself reshapes the game.

  • + Team win rate 67% vs 53% standard.
  • + Own metal lost stays minimal (130 vs 198 by 15:00).
  • − Enemy metal destroyed by 15:00 is near zero (67 vs 266 standard).
  • − Delays the usual Fusion and anti-nuke items that 43-44% of role games hit.
THE EXAMPLE YOU ARE READING

SUNTZ

32.5 OS · 22/08/2026

Open source match ↗

1 received units
800 metal received · 205744 energy received

Allied construction assistance is unknown. Timings are observations, not a promise of solo reproducibility.

Typical milestones

Bot Lab1:17Middle 50%: 1:12–1:32 · n=176
Advanced Bot Lab4:15Middle 50%: 4:02–4:31 · n=173
Advanced Metal Extractor5:35Middle 50%: 5:04–6:03 · n=177
Armageddon12:27Middle 50%: 11:58–13:30 · n=125

Played most by

Crouxy22games of this buildAmrissa10games of this buildSUNTZ10games of this buildAriah9games of this buildTeaner9games of this build